 Dungeon Crawl Stone Soup version 0.29-a0-541-gaf1fc19f1b (webtiles) character file.

Game seed: 17081438515373481499

182 grumblor the Skirmisher (level 5, -2/28 HPs)
             Began as a Vine Stalker Fighter on June 3, 2022.
             Slain by a gnoll
             ... wielding a +0 halberd
              (9 damage)
             ... on level 3 of the Dungeon.
             The game lasted 00:02:25 (2106 turns).

grumblor the Skirmisher (Vine Stalker Fighter)      Turns: 2106, Time: 00:02:26

Health: -2/28      AC:  7    Str: 21    XL:     5   Next: 61%
Magic:  0/6        EV:  9    Int:  8    God:
Gold:   138        SH:  4    Dex: 13    Spells: 4/4 levels left

rFire   + . .      SeeInvis .   a - +0 war axe
rCold   . . .      Faith    .   c - +0 buckler
rNeg    . . .      Spirit   +   j - +1 scale mail {rF+}
rPois   .          Reflect  .   (no helmet)
rElec   .          Harm     .   (no cloak)
rCorr   .          Rampage  .   (no gloves)
Will    .....                   (no boots)
Stlth   ..........              (no amulet)
HPRegen 0.89/turn               i - ring of flight
MPRegen 0.10/turn               (no ring)

@: flying
A: fangs 2, regeneration 1, magic shield, antimagic bite, no potion heal 2
a: no special abilities


You were on level 3 of the Dungeon.
You visited 1 branch of the dungeon, and saw 3 of its levels.

You collected 138 gold pieces.

Inventory:

Hand Weapons
 a - a +0 war axe (weapon)
Armour
 c - a +0 buckler (worn)
 j - a +1 scale mail of fire resistance (worn)
Jewellery
 i - a ring of flight (left hand)
Wands
 k - a wand of flame (23)
Potions
 d - 2 potions of might
 e - a potion of mutation
 f - 2 potions of resistance {unknown}
 g - 2 potions of brilliance {unknown}
 l - a potion of curing {unknown}
 n - a potion of haste {unknown}
 o - a potion of degeneration {unknown}
 p - 2 potions of invisibility {unknown}


   Skills:
 * Level 3.4 Fighting
 + Level 3.1 Axes
 * Level 0.8 Throwing
 + Level 3.1 Armour
 * Level 1.4 Dodging
 + Level 3.0 Shields


You had 4 spell levels left.
You didn't know any spells.
Your spell library contained the following spells:

 Spells                   Type           Power      Damage    Failure   Level
 Poisonous Vapours        Pois/Air       0%         N/A       93%         2
 Corpse Rot               Necr/Pois/Air  0%         N/A       100%        4


Dungeon Overview and Level Annotations

Branches:
Dungeon (3/15)

Altars:


Innate Abilities, Weirdness & Mutations

You have extremely sharp teeth.
Your natural rate of healing is unusually fast.
When hurt, damage is shared between your health and your magic reserves.
Your bite disrupts and absorbs the magic of your enemies.
Potions cannot restore your health.


Message History

You slash the gnoll!
You kill the gnoll!
You closely miss the gnoll. Your bite misses the gnoll.
The gnoll hits you with a +0 whip. The gnoll barely misses you. x2
The gnoll hits you from afar with a +0 halberd.
You block the gnoll's attack.
You hit the gnoll but do no damage. You bite the gnoll. You drain its power.
You feel invigorated.
The gnoll is lightly wounded.
You block the gnoll's attack. The gnoll hits you with a +0 whip.
The gnoll hits you but does no damage.
You slash the gnoll! You bite the gnoll. You drain its power.
You feel invigorated.
The gnoll is almost dead.
The gnoll hits you with a +0 whip. The gnoll barely misses you.
The gnoll hits you but does no damage. The gnoll barely misses you.
The gnoll hits you but does no damage. The gnoll closely misses you.
You slash the gnoll!
You kill the gnoll!
The gnoll misses you. You block the gnoll's attack.
Your Shields skill increases to level 3!
The gnoll closely misses you. The gnoll hits you but does no damage.
Items here: )) ††.
You hit the gnoll.
The gnoll is moderately wounded.
You closely miss the gnoll. The gnoll barely misses you.
The gnoll closely misses you.
You hit the gnoll.
The gnoll is severely wounded.
You barely miss the gnoll.
The gnoll looks more healthy.
The gnoll hits you with a +0 halberd! The gnoll closely misses you.
The gnoll hits you with a +0 halberd. The gnoll hits you with a +0 halberd!
* * * LOW HITPOINT WARNING * * *
Unknown command.
You barely miss the gnoll.
The gnoll is severely wounded.
You slash the gnoll!
You kill the gnoll!
The gnoll hits you with a +0 halberd!
You die...

.# ..# ######### .##..#.
........# .......
#######.# .......
...####.# .....(.
##.#....####### ....(..
##.#..........###g((....
..............'.@)......
..............##########
..............#
..............#
##+#..........#
#.#+######## #+#


You could see a gnoll.

Vanquished Creatures
  Natasha (thrice) (D:2)
  3 gnolls (D:3)
  2 worms
  2 dart slugs (D:1)
  5 bats
  5 endoplasms
  2 giant cockroaches
  15 goblins
  5 hobgoblins
  6 jackals (D:1)
  6 kobolds
  4 quokkas
  9 ball pythons
  3 frilled lizards
  5 rats
75 creatures vanquished.

Notes
Turn   | Place    | Note
-------+----------+-------------------------------------------
     0 | D:1      | grumblor the Vine Stalker Fighter began the quest for the
                  | Orb.
     0 | D:1      | Reached XP level 1. HP: 11/11 MP: 2/2
    22 | D:1      | Reached XP level 2. HP: 5/16 MP: 0/3
   570 | D:1      | Reached XP level 3. HP: 12/20 MP: 2/4
  1453 | D:2      | Gained mutation: Your natural rate of healing is unusually
                  | fast. [Vine Stalker growth]
  1453 | D:2      | Reached XP level 4. HP: 19/24 MP: 3/5
  1483 | D:2      | Noticed Natasha
  1488 | D:2      | Killed Natasha
  1489 | D:2      | Reached skill level 1 in Dodging
  1828 | D:2      | Noticed Natasha
  1832 | D:2      | Killed Natasha
  1833 | D:2      | Reached XP level 5. HP: 24/28 MP: 4/6
  1869 | D:2      | Noticed Natasha
  1875 | D:2      | Killed Natasha
  2106 | D:3      | Slain by a gnoll

Illustrated notes

Levels and vault maps discovered:
D:1:      saegor_arrival_simple_a, layout_rooms
D:2:      layout_rooms, dk_noncrumbling_2, uniq_natasha
D:3:      layout_basic, shapermc_ecumenical_altar_mp_vishouse,
          minmay_strange_pillars, uniq_jessica

Skill      XL: |  1  2  3  4  5 |
---------------+----------------+-----
Axes           | 2 3 |  3.1
Fighting       | 3 |  3.4
Dodging        | 1 |  1.4
Armour         | 3 |  3.1
Shields        | 3 |  3.0
Throwing       | |  0.8

Action                   |  1- 3 |  4- 6 || total
-------------------------+-------+-------++-------
Melee: War axe           |    87 |    65 ||   152
       Bite              |    18 |    20 ||    38
Throw: Dart              |       |     5 ||     5
  Use: Scroll            |     6 |     4 ||    10
Armor: Scale mail        |    54 |    25 ||    79
Dodge: Dodged            |    39 |    38 ||    77
Block: Buckler           |    14 |     9 ||    23

Table legend: (Time is in decaauts)
 A = Elapsed time spent in this place.
 B = Non-inter-level travel time spent in this place.
 C = Inter-level travel time spent in this place.
 D = Time resting spent in this place.
 E = Time spent auto-exploring this place.
 F = Levels seen in this place.
 G = Mean time per level.
                   A        B        C        D        E       F      G
               +--------+--------+--------+--------+--------+-----+--------+
         Total |   2182 |   2168 |     14 |    131 |   1566 |   3 |  727.3 |
       Dungeon |   2182 |   2168 |     14 |    131 |   1566 |   3 |  727.3 |
               +--------+--------+--------+--------+--------+-----+--------+

Top non-repeatable levels by time:
     D:1: 1293 daAuts
     D:2: 738 daAuts
     D:3: 151 daAuts
